 Dungeon Sprint DCSS version 0.16.1-28-gcc2312f (webtiles) character file.

32 Kidiri the Cudgeler (level 3, -1/55 HPs)
             Began as a Troll Berserker on May 28, 2015.
             Was a Believer of Trog.
             Slain by a water elemental (18 damage)
             ... in the Dungeon (Sprint III: "The Ten Rune Challenge").
             The game lasted 00:01:34 (241 turns).

Kidiri the Cudgeler (Troll Berserker)                Turns: 241, Time: 00:01:34

Health: -1/55      AC:  5    Str: 31    XL:     3   Next: 8%
Magic:  2/2        EV: 10    Int:  3    God:    Trog [**....]
Gold:   32         SH:  0    Dex:  9    Spells: 0 memorised, 2 levels left

rFire  . . .     SeeInvis .     a - +0 mace
rCold  . . .     Clarity  .     b - +0 animal skin
rNeg   . . .     SustAb   .     (shield restricted)
rPois  .         Gourm    +     (helmet restricted)
rElec  .         Spirit   .     (no cloak)
rCorr  .         Warding  .     (gloves unavailable)
rMut   .         NoTele   +     (boots unavailable)
MR     .....                    (no amulet)
Stlth  ..........               (no ring)
                                (no ring)

@: berserking, very quick, not resistant to hostile enchantments, extremely
unstealthy
A: unfitting armour, claws 3, fast metabolism 3, gourmand, regeneration 2,
shaggy fur 1, tough skin 2
a: Burn Spellbooks, Berserk, Trog's Hand, Renounce Religion


You were in the Dungeon.
You worshipped Trog.
Trog was pleased with you.
You were not hungry.

You visited 1 branch You collected 32 gold pieces.

Inventory:

Hand weapons
 a - a +0 mace (weapon)
Armour
 b - a +0 animal skin (worn)
Scrolls
 i - a scroll of blinking
 j - a scroll of holy word {unknown}
 k - 2 scrolls of identify {unknown}
 l - 2 scrolls of remove curse {unknown}
 p - a scroll of immolation {unknown}
Potions
 d - a potion of curing
 e - 2 potions of mutation {unknown}
 f - 2 potions of haste
 g - 2 potions of magic
 h - a potion of berserk rage
 m - 2 potions of cure mutation
 n - 3 potions of flight
 o - a potion of decay {unknown}
Comestibles
 c - 3 meat rations
 q - 4 fruits


   Skills:
 + Level 3.1 Fighting
 * Level 4.1 Maces & Flails
 * Level 3.3 Armour
 + Level 2.5 Dodging


You had 2 spell levels left.
You didn't know any spells.

Dungeon Overview and Level Annotations

Branches:
Dungeon (1/1)

Altars:


Innate Abilities, Weirdness & Mutations

You are too large for most types of armour.
You have claws for hands.
Your metabolism is lightning-fast.
You like to eat raw meat.
You heal very quickly.
You are covered in fur (AC +1).
You have very tough skin (AC +2).


Message History

There is an open door here.
There is an open door here.
You start waiting.
There is an open door here.
You open the door.
A water elemental comes into view.
There is an open door to the Ecumenical Temple here.
You barely miss the water elemental. The water elemental hits you!
You hit the water elemental.
The water elemental is lightly damaged.
The water elemental closely misses you.
You barely miss the water elemental.
The water elemental is lightly damaged.
The water elemental hits you!
* * * LOW HITPOINT WARNING * * *
Use which ability? (? or * to list)
A red film seems to cover your vision as you go berserk!
You feel yourself moving faster!
You feel mighty!
You feel somewhat more hungry. The water elemental hits you!!
You die...

▓▓▓▓▓▓▓▓▓▓▓▓ ▓▓▓
<.#..'.....♣ ♣.#
..#..#....♣.♣ ♣♣.#
#'####....♣.♣ ♣..#
.....#....≈.♣♣♣..###+#+##
.....#...≈≈♣♣.♣..#........
....[#..≈≈≈≈.♣♣♣@E.⌠......
####'#..≈≈≈≈≈≈♣..#...#####
.....#.≈≈≈≈≈≈....#.⌠.#
.....#.≈≈≈≈≈.....#...#
.....#.≈≈≈.......#+###
'#####...........#
.................#
▓▓▓▓▓▓▓▓▓▓▓▓▓▓▓▓▓▓


You could see a water elemental.

Vanquished Creatures
  A human (D)
  A giant mite (D)
  A phantom (D)
  An ooze (D)
  2 rats (D)
6 creatures vanquished.

Notes
Turn   | Place    | Note
--------------------------------------------------------------
     0 | D        | Kidiri, the Troll Berserker, began the quest for the Orb.
     0 | D        | Reached XP level 1. HP: 22/22 MP: 1/1
    10 | D        | Reached skill level 3 in Maces & Flails
    25 | D        | Acquired Trog's second power
    25 | D        | Reached XP level 2. HP: 29/29 MP: 1/1
    78 | D        | Reached skill level 4 in Maces & Flails
    78 | D        | Reached XP level 3. HP: 28/37 MP: 2/2
   236 | D        | Noticed a water elemental
   241 | D        | Slain by a water elemental

Action                   || total
-------------------------++-------
Melee: Mace              ||    35
Invok: Berserk           ||     1
  Use: Potion            ||     1
